[Event "45th FIDE Olympiad 2024"]
[Site "Budapest"]
[Date "2024.09.19"]
[Round "8.60"]
[White "Can, Emre"]
[Black "Draskovic, Luka"]
[Result "1/2-1/2"]
[ECO "C41"]
[WhiteElo "2547"]
[BlackElo "2497"]
[Annotator "TA"]
[PlyCount "149"]
[EventDate "2024.09.05"]
[EventType "team-tourn"]
[EventCountry "HUN"]
[SourceTitle "playchess.com"]
[Source "ChessBase"]
[SourceQuality "1"]
[WhiteTeam "Turkiye"]
[BlackTeam "Montenegro"]
[BlackTeamCountry "MNE"]
[TimeControl "40/5400+30:1800+30"]

1. e4 d6 2. d4 Nf6 3. Nc3 e5 4. Nf3 Nbd7 5. Rg1 c6 6. g4 {[%emt 0:01:11] C41: Philidor Defence.} h6 7. Be3 Be7 8. a3 Nf8 9. h3 Ng6 10. Qd2 $146 ({Predecessor:} 10. g5 hxg5 11. Nxg5 d5 12. dxe5 Nxe4 13. Ncxe4 dxe4 14. Qxd8+ Bxd8 15. Nxf7 Kxf7 16. Bc4+ {1-0 Kantor,G (2525)-Narciso Dublan,M (2400) Barcelona Sants op 25th 2024 (7)}) 10... Nh7 11. O-O-O Ng5 12. Qe2 Qc7 13. Kb1 Nxf3 14. Qxf3 Bg5 15. Bc4 b5 16. Bb3 Nh4 17. Qg3 Ng6 18. Ne2 Bb7 19. f4 exf4 20. Nxf4 Nxf4 21. Bxf4 O-O-O 22. h4 Bxf4 23. Qxf4 Rd7 24. Rgf1 Kb8 25. g5 hxg5 26. hxg5 d5 27. e5 g6 28. Qf6 Re8 29. c3 Rde7 30. Bc2 Bc8 31. Rh1 Be6 32. Rh7 c5 33. dxc5 Qxc5 34. Rd4 Rb7 35. Rh8 Rxh8 36. Qxh8+ Kc7 37. Qf6 Rb6 38. Qf4 Rb8 39. Qh2 Kb7 40. Ka1 Ka8 41. Bb3 Rd8 42. Qd2 Rd7 43. Bd1 Rd8 ({Better is} 43... a6 $14) 44. Bf3 Rd7 45. Qd3 Kb8 46. Bg4 Bxg4 47. Rxg4 Re7 48. Rb4 a6 $1 49. a4 Rb7 $2 {[%emt 0:03:30] [#]} (49... Rxe5 $11 {and Black is okay.} 50. axb5 a5) 50. e6 $1 $18 Qg1+ (50... fxe6 {was called for.} 51. Qxg6 Qe7) 51. Ka2 $18 Qxg5 52. exf7 ({Worse is} 52. axb5 fxe6 53. b6 (53. bxa6 Rxb4 54. cxb4 d4 $11) 53... d4 $11) 52... Rxf7 53. axb5 Rb7 $2 (53... a5 54. Ra4 Ra7) 54. b6 (54. bxa6 $142 Rxb4 55. cxb4) 54... Qf6 55. Qxa6 Qe6 56. Rd4 $2 (56. Qd3 $18 {and White stays clearly on top. Black must now prevent Qd4.} d4+ 57. Ka3) 56... g5 $16 57. Qa5 Rxb6 58. Qxd5 (58. Rxd5 $2 {loses.} Ra6 59. Ka1 Rxa5+ $19) 58... Qxd5+ 59. Rxd5 Rg6 60. Rd3 (60. Rd2 $16) 60... g4 $11 61. Rg3 Kc7 62. b4 Kd6 $1 63. Kb3 Kd5 64. c4+ Kd4 $1 65. c5 Kd5 66. Kc3 Rg8 67. Kd3 Rg7 68. Kc3 Rg8 69. Kb3 Rg7 70. Rd3+ Kc6 71. Kc4 g3 72. b5+ Kb7 73. Rd1 $1 g2 74. Rg1 Rg5 75. Kd4 1/2-1/2

[Event "45th FIDE Olympiad 2024"]
[Site "Budapest"]
[Date "2024.09.19"]
[Round "8.60"]
[White "Henry, Marwa Michael"]
[Black "Lima, Osvaldo Dos Santos"]
[Result "0-1"]
[WhiteElo "1715"]
[BlackElo "1903"]
[PlyCount "120"]
[EventDate "2024.09.05"]
[EventType "team-tourn"]
[EventCountry "HUN"]
[WhiteTeam "Tanzania"]
[BlackTeam "Sao Tome and Principe"]
[WhiteTeamCountry "TAN"]
[BlackTeamCountry "SAO"]
[TimeControl "40/5400+30:1800+30"]

1. e4 g6 2. d4 Bg7 3. Nf3 d6 4. Bd3 Nf6 5. c3 O-O 6. Nbd2 Nc6 7. O-O e5 8. d5 Ne7 9. h3 h6 10. Nh2 g5 11. g4 Ng6 12. Ndf3 a6 13. a4 a5 14. Re1 Nh7 15. Nf1 Nf4 16. Bxf4 gxf4 17. N1h2 Bf6 18. Kh1 Kh8 19. Rg1 Rg8 20. c4 b6 21. Qd2 Bd7 22. Bf1 Qe7 23. Qe2 Rg7 24. Nd2 Rag8 25. f3 Qe8 26. b3 Bh4 27. Nb1 Bg3 28. Qd2 Ng5 29. Kg2 Bxh2 30. Rh1 Bg3 31. h4 Nh7 32. b4 axb4 33. Qxb4 Bxg4 34. fxg4 Rxg4 35. Kf3 Bxh4 36. Nc3 Qd7 37. Ke2 f3+ 38. Kd3 Qe7 39. Kc2 Qg5 40. Qb1 Nf6 41. Kb3 Nd7 42. Kb4 Nc5 43. Ra2 Bg3 44. Bh3 Rf4 45. Bf5 h5 46. Qd1 h4 47. Rh3 Kg7 48. a5 bxa5+ 49. Rxa5 f2 50. Rh1 Rxf5 51. exf5 Qxf5 52. Ra7 Rb8+ 53. Nb5 Nd3+ 54. Ka5 e4 55. Rxc7 Rh8 56. Rc6 Qg6 57. Nxd6 Bxd6 58. c5 Ra8+ 59. Kb6 Bxc5+ 60. Kb5 Rb8+ {0-} 0-1

[Event "45th FIDE Olympiad 2024"]
[Site "Budapest"]
[Date "2024.09.19"]
[Round "8.61"]
[White "Cheparinov, Ivan"]
[Black "Supi, Luis Paulo"]
[Result "1/2-1/2"]
[ECO "D30"]
[WhiteElo "2628"]
[BlackElo "2570"]
[Annotator "TA"]
[PlyCount "98"]
[EventDate "2024.09.05"]
[EventType "team-tourn"]
[EventCountry "HUN"]
[SourceTitle "playchess.com"]
[Source "ChessBase"]
[SourceQuality "1"]
[WhiteTeam "Bulgaria"]
[BlackTeam "Brazil"]
[WhiteTeamCountry "BUL"]
[BlackTeamCountry "BRA"]
[TimeControl "40/5400+30:1800+30"]

1. d4 {[%emt 0:00:03] Yuffa,Daniil} d5 2. c4 e6 3. Nf3 a6 4. g3 dxc4 5. Bg2 Nc6 6. O-O {[%emt 0:00:09] D30: Queen's Gambit Declined: Systems without Nc3.} Rb8 7. a4 Bb4 $146 ({Predecessor:} 7... Nf6 8. a5 b5 9. axb6 cxb6 10. Bf4 Bd6 11. Ne5 Ne7 12. Bc6+ Kf8 13. Bg2 b5 14. b3 cxb3 15. Qxb3 h6 16. Nc3 {1-0 Yuffa,D (2601)-Koelle,T (2439) Bundesliga 2223 2022 (2.3)}) 8. Qc2 b5 9. axb5 axb5 10. b3 Nf6 11. Rd1 O-O 12. bxc4 bxc4 13. Qxc4 Na5 14. Qc2 Bb7 15. Bf4 Qd5 (15... Be4 {simplifies} 16. Qxc7 Rc8 17. Qxd8 Rfxd8 18. Nbd2 Bg6) 16. Qxc7 Nc4 $1 17. Ra7 (17. Qxb8 Rxb8 18. Bxb8 Qe4 $17) 17... Qb5 $1 18. Rc1 ({Much weaker is} 18. Qxb8 Rxb8 19. Bxb8 Na5 (19... Bxf3 20. Bxf3 Nd5 21. Be5 $16) 20. Rxb7 Qxb7 $17 (20... Nxb7 21. Rc1 $17)) (18. Ne5 $11 Nxe5 19. Qxe5 (19. Rxb7 Qxe2 20. Rf1 Ned7 $11)) 18... Bd5 $1 $15 (18... Rfc8 19. Rxb7 Qxb7 20. Qxb7 Rxb7 21. Nfd2 Bxd2 22. Bxb7 Bxc1 23. Bxc8 Bxf4 24. gxf4) 19. Nc3 Bxc3 20. Rxc3 Rbc8 21. Qe7 Qb2 22. Rc1 Qxe2 23. Re1 Qb2 ({Black should try} 23... Qc2 $17 {Threatens to win with ...Ne4.} 24. Rc1 Qe2) 24. Ng5 $15 Rce8 $1 25. Qc7 $1 Qb4 $1 26. Rea1 Rc8 27. Qe7 Qxe7 28. Rxe7 Bxg2 29. Kxg2 h6 30. Nf3 Nd5 31. Rb7 g5 ({Black should play} 31... Nxf4+ $1 $15 32. gxf4 Nd6) 32. Bc1 Ra8 33. Rba7 Rxa7 34. Rxa7 Rc8 35. Ba3 g4 36. Ne5 {[%emt 0:03:11] [#]} Nxe5 $1 37. dxe5 Rc2 38. Kf1 Kg7 39. Rb7 Kg6 40. Rb8 Kf5 41. Rf8 Rc7 42. Bd6 Rb7 43. Kg2 Ke4 44. h3 gxh3+ 45. Kxh3 Kf3 46. Bc5 Rc7 47. Bd6 Rb7 48. Bc5 Rc7 49. Bd6 Rb7 1/2-1/2

[Event "45th FIDE Olympiad 2024"]
[Site "Budapest"]
[Date "2024.09.19"]
[Round "8.61"]
[White "Thabang, Mphane"]
[Black "Morazo, John Ranel"]
[Result "0-1"]
[WhiteElo "1799"]
[BlackElo "2200"]
[PlyCount "62"]
[EventDate "2024.09.05"]
[EventType "team-tourn"]
[EventCountry "HUN"]
[WhiteTeam "Lesotho"]
[BlackTeam "Palau"]
[WhiteTeamCountry "LES"]
[BlackTeamCountry "PAL"]
[TimeControl "40/5400+30:1800+30"]

1. Nf3 Nf6 2. c4 c5 3. Nc3 Nc6 4. g3 g6 5. Bg2 Bg7 6. O-O O-O 7. e4 d6 8. a3 a6 9. h3 Rb8 10. d4 cxd4 11. Nxd4 Nxd4 12. Qxd4 Be6 13. c5 Nd7 14. Qe3 Nxc5 15. Rb1 Bc4 16. Rd1 Bb3 17. Rd2 b5 18. Ne2 Qb6 19. Nd4 Bxd4 20. Qxd4 Ba2 21. Ra1 Nb3 22. Qxb6 Rxb6 23. Rd1 Nxa1 24. Be3 Rc6 25. Rxa1 Bb3 26. Bd4 Rfc8 27. f4 Rc1+ 28. Rxc1 Rxc1+ 29. Kf2 Rc2+ 30. Kf3 Rd2 31. Bc3 Bd1+ {0-} 0-1

[Event "45th FIDE Olympiad 2024"]
[Site "Budapest"]
[Date "2024.09.19"]
[Round "8.62"]
[White "Fier, Alexandr"]
[Black "Naiditsch, Arkadij"]
[Result "1/2-1/2"]
[ECO "C67"]
[WhiteElo "2551"]
[BlackElo "2643"]
[Annotator "TA"]
[PlyCount "98"]
[EventDate "2024.09.05"]
[EventType "team-tourn"]
[EventCountry "HUN"]
[SourceTitle "playchess.com"]
[Source "ChessBase"]
[SourceQuality "1"]
[WhiteTeam "Brazil"]
[BlackTeam "Bulgaria"]
[WhiteTeamCountry "BRA"]
[BlackTeamCountry "BUL"]
[TimeControl "40/5400+30:1800+30"]

1. e4 e5 2. Nf3 Nc6 3. Bb5 Nf6 4. O-O Nxe4 5. Re1 Nd6 6. Nxe5 Be7 7. Bf1 Nxe5 8. Rxe5 O-O 9. d4 Bf6 10. Re1 Re8 11. c3 Rxe1 12. Qxe1 Qe7 13. Qxe7 Bxe7 14. a4 b6 15. a5 Bb7 16. Bf4 g5 17. Bxd6 Bxd6 18. Nd2 Bf8 19. Nc4 b5 20. a6 Bc8 21. Ne3 c6 22. Bd3 d5 23. b4 h5 24. g3 Kg7 25. Bf5 Bxf5 26. Nxf5+ $11 {[%emt 0:00:04][%mdl 4096] Endgame. KRB-KRN} Kg6 27. Ne3 Re8 28. Kf1 g4 29. Re1 Re4 30. Nc2 {[%emt 0:00:27] [#] Rxe4 would now be deadly.} Kf5 31. Na1 Ke6 32. Nb3 f5 33. Nd2 Rxe1+ 34. Kxe1 {[%emt 0:00:03] KB-KN} f4 35. Ke2 Bd6 36. Nb3 Bc7 37. Nd2 Kf5 38. Nf1 Bd8 39. Nd2 h4 40. Kd3 Kg5 41. Nf1 Bc7 42. Ke2 Bd6 43. Kd3 Be7 44. Nd2 Kf5 45. Ke2 Bg5 46. Nb3 {[%emt 0:00:00] aiming for Na5.} Bd8 {[%emt 0:00:00][%mdl 8192] [#]} (46... hxg3 $11 47. hxg3 f3+ 48. Kd1 Ke6) 47. Nd2 $2 (47. gxh4 $1 $18 {Black must now prevent f3.} f3+ (47... Bxh4 $2 {perishes.} 48. Na5 $18) 48. Ke3) 47... Bc7 {[%emt 0:00:00] The position is equal.} 48. Nf1 Kg5 49. Kd3 Bd6 {[%emt 0:00:31] Weighted Error Value: White=0.17 (very precise) /Black=0.31.  Loses game:     	---       	Black=1      Missed win:     	White=1     	---        Inaccurate:     	White=2     	Black=2      OK:         	White=23    	Black=9} 1/2-1/2

[Event "45th FIDE Olympiad 2024"]
[Site "Budapest"]
[Date "2024.09.19"]
[Round "8.62"]
[White "Salvadora, Angelo"]
[Black "Tsephe, Lebajoa"]
[Result "0-1"]
[WhiteElo "1812"]
[BlackElo "1900"]
[PlyCount "76"]
[EventDate "2024.09.05"]
[EventType "team-tourn"]
[EventCountry "HUN"]
[WhiteTeam "Palau"]
[BlackTeam "Lesotho"]
[WhiteTeamCountry "PAL"]
[BlackTeamCountry "LES"]
[TimeControl "40/5400+30:1800+30"]

1. e4 c5 2. Nf3 d6 3. Bc4 Nf6 4. Ng5 e6 5. d3 a6 6. a4 Be7 7. O-O h6 8. Nh3 d5 9. exd5 exd5 10. Bb3 Bxh3 11. gxh3 O-O 12. Bf4 Nc6 13. c3 Bd6 14. Bg3 Qd7 15. Kg2 Ne7 16. Nd2 Ng6 17. f4 Ne7 18. Nf3 Nf5 19. Qd2 d4 20. cxd4 cxd4 21. Bf2 Nh5 22. Ne5 Bxe5 23. fxe5 g5 24. Rg1 Nf4+ 25. Kf1 Nxh3 26. Rg2 Nxf2 27. Rxf2 Ne3+ 28. Ke2 Qg4+ 29. Rf3 Rae8 30. Qa5 Nf5 31. Raf1 Nh4 32. Qc7 Nxf3 33. Rxf3 Qh5 34. Bd5 g4 35. Rf1 Qxe5+ 36. Qxe5 Rxe5+ 37. Be4 f5 38. Rg1 h5 {0-} 0-1

[Event "45th FIDE Olympiad 2024"]
[Site "Budapest"]
[Date "2024.09.19"]
[Round "8.63"]
[White "Petkov, Momchil"]
[Black "Quintiliano, Renato R."]
[Result "1/2-1/2"]
[ECO "D27"]
[WhiteElo "2540"]
[BlackElo "2499"]
[Annotator "TA"]
[PlyCount "90"]
[EventDate "2024.09.05"]
[EventType "team-tourn"]
[EventCountry "HUN"]
[SourceTitle "playchess.com"]
[Source "ChessBase"]
[SourceQuality "1"]
[WhiteTeam "Bulgaria"]
[BlackTeam "Brazil"]
[WhiteTeamCountry "BUL"]
[BlackTeamCountry "BRA"]
[TimeControl "40/5400+30:1800+30"]

1. d4 d5 2. c4 dxc4 3. Nf3 Nf6 4. e3 e6 5. Bxc4 c5 6. O-O a6 7. Re1 b5 8. Bf1 Bb7 9. a4 {[%emt 0:01:30] White has an edge.} bxa4 10. e4 Be7 (10... Bxe4 $11 {might be stronger.} 11. Nc3 (11. Qxa4+ Bc6 $15) 11... Bc6) 11. e5 Nd5 12. dxc5 Bxc5 13. Nbd2 (13. Qxa4+ $14 Nd7 14. Qg4) 13... Nd7 14. Ne4 (14. Qxa4 $5 O-O 15. Ne4 $11) 14... Be7 {[%emt 0:01:27] Repels Nfg5} 15. Bg5 {[%emt 0:14:47] [#] Black must now prevent Nd6+.} O-O 16. Bxe7 Qxe7 17. Rxa4 Rfb8 18. Qd2 Bc6 19. Rxa6 Rxa6 20. Bxa6 Qb4 21. Nd4 (21. Qxb4 {simplifies} Rxb4 22. b3 Rxb3 23. Nd6) 21... Ba8 22. Nc3 Qxb2 23. Qxb2 Rxb2 24. Nxd5 Bxd5 25. Bf1 g5 26. f3 Kg7 27. Re3 Nf8 28. g3 Rb4 29. Nb5 Ng6 30. Nd6 Rb3 31. Rxb3 Bxb3 $15 {[%emt 0:00:07][%mdl 4096] Endgame. KBN-KBN} 32. Ne8+ Kf8 (32... Kh8 $17) 33. Nf6 $11 h6 34. Nd7+ Ke7 35. Bb5 Bc4 36. Ba4 Ba6 37. Kf2 Bc8 38. Nb6 Kd8 39. f4 gxf4 40. gxf4 Nxf4 41. Bc2 {[%emt 0:04:16] Prevents Nd3+} Bb7 42. Nc4 Ba6 43. Ne3 h5 {[%emt 0:10:59] Dodges Ng4} (43... Be2 $1 $15) 44. Ng2 Nxg2 45. Kxg2 Ke7 {[%emt 0:00:47] Weighted Error Value: White=0.13 (very precise) /Black=0.11 (very precise) .  Mistake:       	White=1     	Black=3      Inaccurate:     	White=4     	Black=3      OK:         	White=13    	Black=15     Best:        	White=1     	Black=2} 1/2-1/2

[Event "45th FIDE Olympiad 2024"]
[Site "Budapest"]
[Date "2024.09.19"]
[Round "8.63"]
[White "Karabo, Mokete"]
[Black "Mahor Jr, Manuel"]
[Result "1/2-1/2"]
[WhiteElo "1836"]
[BlackElo "1759"]
[PlyCount "113"]
[EventDate "2024.09.05"]
[EventType "team-tourn"]
[EventCountry "HUN"]
[WhiteTeam "Lesotho"]
[BlackTeam "Palau"]
[WhiteTeamCountry "LES"]
[BlackTeamCountry "PAL"]
[TimeControl "40/5400+30:1800+30"]

1. d4 d6 2. Nf3 g6 3. g3 Bg7 4. Bg2 Nf6 5. c4 O-O 6. O-O Nbd7 7. Nc3 c5 8. d5 Nb6 9. Nd2 Rb8 10. h3 e5 11. dxe6 Bxe6 12. Qb3 d5 13. cxd5 Nfxd5 14. Qa3 Nxc3 15. bxc3 Nd5 16. Ne4 b6 17. Bd2 Qc7 18. Ng5 Rbd8 19. Nxe6 fxe6 20. Rad1 Rd7 21. e4 Ne7 22. Qb3 Kf7 23. Bf4 Qc8 24. h4 Rfd8 25. e5 Nc6 26. Rde1 h6 27. Qa4 Ne7 28. Rd1 Rxd1 29. Rxd1 Rxd1+ 30. Qxd1 Qc7 31. Qd6 Qxd6 32. exd6 Nd5 33. c4 Nxf4 34. gxf4 Bf6 35. h5 g5 36. fxg5 Bxg5 37. Be4 Bd8 38. f4 Kf6 39. Kf2 e5 40. fxe5+ Kxe5 41. Ke3 Kxd6 42. a4 Ke5 43. Kd3 Kf4 44. Bg6 Bf6 45. Be8 Bd4 46. Bg6 Ke5 47. Be8 Kd6 48. Bg6 Kc7 49. Ke4 Kb7 50. Kd5 Ka6 51. Be8 Ka5 52. Bc6 Kb4 53. Bb5 Be3 54. Ke4 Bg1 55. Kd3 Ka5 56. Kc3 a6 57. Be8 1/2-1/2

[Event "45th FIDE Olympiad 2024"]
[Site "Budapest"]
[Date "2024.09.19"]
[Round "8.64"]
[White "Do Valle Cardoso, Lucas"]
[Black "Grigorov, Grigor"]
[Result "1-0"]
[ECO "B12"]
[WhiteElo "2364"]
[BlackElo "2514"]
[Annotator "TA"]
[PlyCount "109"]
[EventDate "2024.09.05"]
[EventType "team-tourn"]
[EventCountry "HUN"]
[SourceTitle "playchess.com"]
[Source "ChessBase"]
[SourceQuality "1"]
[WhiteTeam "Brazil"]
[BlackTeam "Bulgaria"]
[WhiteTeamCountry "BRA"]
[BlackTeamCountry "BUL"]
[TimeControl "40/5400+30:1800+30"]

1. e4 c6 2. d4 d5 3. e5 Bf5 4. Nf3 e6 5. Be2 Nd7 6. O-O a5 {[%emt 0:00:14] B12: Caro-Kann: Advance Variation.} 7. Nbd2 a4 8. c4 h6 9. cxd5 cxd5 10. Nb1 Ne7 11. a3 Nc6 12. Nc3 Qa5 13. Bd2 $146 ({Predecessor:} 13. Bb5 Nb6 14. Bd2 Qa7 15. Na2 Nc4 {½-½ Fier,A (2599)-Iturrizaga Bonelli,E (2637) ITA-chT GpB 54th 2023 (2)}) 13... Qa7 14. Bb5 Bg4 15. Be3 (15. Bxa4 Bxf3 16. Qxf3 Qxd4 $17) (15. Qxa4 $6 Qxa4 16. Bxa4 Rxa4 17. Nxa4 Bxf3 18. gxf3 Nxd4 $11) 15... Nb6 16. h3 Bh5 17. Bd3 Be7 18. g4 (18. Qc2 $16) 18... Bg6 $14 19. Bxg6 (19. Nb5 $5 Qb8 $8 20. Bxg6 fxg6 21. Qd3 $14) 19... fxg6 20. Qc2 g5 (20... O-O $14 {is superior.}) 21. Nb5 (21. Qg6+ $16 Kd7 22. Nd2 (22. Qxg7 $2 Rag8 $19)) 21... Qb8 $14 22. Qg6+ ({White should try} 22. Nd2 $1 $16) 22... Kd7 $11 23. Qxg7 ({White should play} 23. Rac1 $1 $14) 23... Qf8 $11 24. Qxf8 Rhxf8 25. Nd2 Na5 $1 26. Rac1 Nbc4 27. Nxc4 (27. Rc3 $5) 27... Nxc4 28. Rc2 Ra5 29. Nc3 Rf3 30. Nd1 Ra8 31. Kg2 Raf8 32. Rc3 b5 $2 (32... Nxe3+ $14 33. Nxe3 R3f4) 33. Bxg5 $1 $18 Rxc3 34. Bxe7 Kxe7 35. Nxc3 ({Inferior is} 35. bxc3 Rc8 36. Re1 Nxa3 $11) 35... Nxb2 36. Nxb5 Rb8 37. Nc3 Rb3 38. Rb1 $1 Rxc3 39. Rxb2 Rb3 {[%emt 0:01:46] [#]} 40. Rc2 $1 Kd7 {[%emt 0:02:02] [#]} 41. Rc5 ({White has to play} 41. f4 $1 $18 {Black must now prevent g5.} Rxa3 42. g5) 41... Rd3 $2 (41... Rxa3 $16 {is a better defense.} 42. Ra5 Kc6) 42. Ra5 $18 Rxd4 43. Ra7+ Ke8 44. f3 Rc4 45. Kg3 d4 46. Ra6 Ke7 (46... Kf7 $142 47. Rd6 Ke7) 47. Rd6 $18 Rc3 48. Rxd4 Rxa3 49. Rd6 Ra1 (49... Re3 $142 50. Kf4 Rb3) 50. Ra6 $18 a3 $2 (50... Ra3 51. Ra7+ Kf8) 51. Ra7+ $18 Kd8 52. f4 Kc8 53. g5 ({Worse is} 53. f5 a2 54. Kh2 (54. fxe6 $2 {is the wrong capture.} Rg1+ 55. Kh4 a1=Q $19) 54... exf5 55. gxf5 Re1 56. Rxa2 Rxe5 $11) 53... hxg5 54. fxg5 Kb8 55. Ra4 1-0

[Event "45th FIDE Olympiad 2024"]
[Site "Budapest"]
[Date "2024.09.19"]
[Round "8.65"]
[White "Henderson De La Fuente, Lance"]
[Black "Fedoseev, Vladimir"]
[Result "0-1"]
[ECO "B10"]
[WhiteElo "2519"]
[BlackElo "2692"]
[Annotator "TA"]
[PlyCount "58"]
[EventDate "2024.09.05"]
[EventType "team-tourn"]
[EventCountry "HUN"]
[SourceTitle "playchess.com"]
[Source "ChessBase"]
[SourceQuality "1"]
[WhiteTeam "Andorra"]
[BlackTeam "Slovenia"]
[WhiteTeamCountry "AND"]
[BlackTeamCountry "SLO"]
[TimeControl "40/5400+30:1800+30"]

1. e4 c6 2. Nf3 d5 3. d3 g6 4. e5 Bg7 5. d4 f6 6. exf6 exf6 7. Be2 Na6 8. O-O {The position is equal.} Nc7 9. c4 Ne7 10. Nc3 O-O 11. Re1 g5 12. Bd3 dxc4 13. Bxc4+ Kh8 14. h3 Bf5 15. Ne4 g4 16. hxg4 Bxg4 17. Qd3 Ng6 18. Nh2 Bf5 19. Bd2 Qd7 20. Rad1 Rfe8 21. Bc1 Re7 22. Nf1 Rae8 (22... b5 $5 23. Bb3 $8 Rae8 $11) 23. f3 Nh4 24. Nfg3 Bg6 {Hoping for ...f5.} (24... b5 $5 25. Bb3 $8 Bg6 $11) 25. Rf1 $2 {[#] Loses the game.} (25. Qf1 $11 {and White is okay.}) 25... f5 $1 $19 26. Nc3 {[#]} (26. Nc5 {keeps fighting.} Qd6 27. Kh2) 26... f4 $1 27. Nge4 Nd5 {Threatens to win with ...Bh6.} 28. Ne2 $2 {[#]} (28. Qe2) 28... Nxg2 $1 29. Kxg2 (29. Rf2 Rxe4) 29... Rxe4 {Weighted Error Value: White=0.59/Black=0.11 (very precise) .  Loses game:     	White=1     	---        Mistake:       	White=2     	---        Inaccurate:     	White=2     	Black=2      OK:         	White=7     	Black=11     Best:        	White=2     	---        Strong:       	---       	Black=1} 0-1

[Event "45th FIDE Olympiad 2024"]
[Site "Budapest"]
[Date "2024.09.19"]
[Round "8.65"]
[White "Yahi, Mohamed Salem"]
[Black "Fancy, Stuart"]
[Result "0-1"]
[WhiteElo "1868"]
[BlackElo "1921"]
[PlyCount "94"]
[EventDate "2024.09.05"]
[EventType "team-tourn"]
[EventCountry "HUN"]
[WhiteTeam "Mauritania"]
[BlackTeam "Papua New Guinea"]
[WhiteTeamCountry "MAU"]
[BlackTeamCountry "PNG"]
[TimeControl "40/5400+30:1800+30"]

1. e4 Nc6 2. d4 d6 3. Nf3 Nf6 4. d5 Nb8 5. Nc3 g6 6. Be3 Bg7 7. Be2 c6 8. h3 cxd5 9. exd5 O-O 10. O-O a6 11. Bc4 Nbd7 12. Rb1 b5 13. Bb3 Nc5 14. Re1 Bb7 15. Bg5 h6 16. Bh4 g5 17. Bg3 Nxb3 18. axb3 b4 19. Ne2 Bxd5 20. Ned4 Qd7 21. Qd2 e5 22. Ne2 a5 23. c4 Bxf3 24. gxf3 Qc6 25. Qe3 Nd7 26. Rbd1 Nc5 27. Nc1 f5 28. Qd2 Rad8 29. Qe2 Ne6 30. Rd5 Nd4 31. Qd3 f4 32. Bh2 a4 33. Rd1 Rc8 34. Ne2 Nf5 35. bxa4 Qxc4 36. b3 Qxd3 37. R1xd3 Rc2 38. Kf1 Rb8 39. Ke1 Kf7 40. Kd1 Ra2 41. Ra5 Ra1+ 42. Kd2 Ke6 43. Rdd5 Rc8 44. Bxf4 Ra2+ 45. Kd3 gxf4 46. Nxf4+ exf4 47. Rxf5 Be5 {0-} 0-1

[Event "45th FIDE Olympiad 2024"]
[Site "Budapest"]
[Date "2024.09.19"]
[Round "8.66"]
[White "Demchenko, Anton"]
[Black "Fluvia Poyatos, Jordi"]
[Result "1-0"]
[ECO "B12"]
[WhiteElo "2597"]
[BlackElo "2438"]
[Annotator "TA"]
[PlyCount "91"]
[EventDate "2024.09.05"]
[EventType "team-tourn"]
[EventCountry "HUN"]
[SourceTitle "playchess.com"]
[Source "ChessBase"]
[SourceQuality "1"]
[WhiteTeam "Slovenia"]
[BlackTeam "Andorra"]
[WhiteTeamCountry "SLO"]
[BlackTeamCountry "AND"]
[TimeControl "40/5400+30:1800+30"]

1. e4 c6 2. d4 d5 3. e5 c5 4. dxc5 e6 5. c3 Nd7 6. Nf3 Bxc5 7. Nbd2 Qc7 8. Nb3 {The position is equal.} Bb6 9. Bf4 Ne7 (9... Ngf6 {is interesting.} 10. exf6 Qxf4 11. fxg7 Rg8) 10. Nbd4 a6 {Prevents Nb5.} 11. Bd3 Nc5 12. Bc2 Bd7 13. O-O Ng6 14. Bg3 O-O 15. Qe2 h6 16. Rac1 Qc8 (16... Rfc8 $14) 17. Rfe1 Qe8 18. h4 a5 19. Nd2 f5 (19... Rc8 $142) 20. exf6 $16 Rxf6 21. N2f3 Nf4 22. Qd2 Bc7 23. Ne5 Ne4 24. Rxe4 (24. Bxe4 Bxe5 $16) 24... dxe4 25. Bxf4 Rxf4 26. Qxf4 Qh5 27. Qxe4 {[#] Intending Qh7+ and mate.} Qxe5 28. Qh7+ (28. Qxb7 Qh2+ 29. Kf1 Rb8 $17) 28... Kf7 29. g3 {White is more active.} Qf6 (29... Bb6 $16 {was necessary.} 30. Be4 Rd8) 30. Qe4 $18 Rb8 {Black is weak on the light squares} (30... Qe5 {keeps fighting.} 31. Qxb7 Rb8 32. Qf3+ Qf6) 31. Re1 {[%cal Bc1e1,Be1e3,Be3f3,Bf3f6][%mdl 32] [#] Hoping for Re3.} Bb6 32. Re3 {And now Rf3 would win.} Bxd4 33. Rf3 ({Less strong is} 33. Qxd4 Qxd4 34. cxd4 Rc8 $16) (33. cxd4 Bc6 34. Qg4 Rd8 $16) 33... Bc6 34. Rxf6+ Bxf6 35. Qe2 b5 36. Be4 {White is clearly winning.} Bd7 37. Qe3 Rd8 38. Qa7 b4 39. Bc6 bxc3 40. bxc3 Ke8 41. Bxd7+ Rxd7 42. Qxa5 Rd2 43. c4 Rb2 44. c5 Kd7 45. Qa6 Be5 46. Qd3+ {Weighted Error Value: White=0.06 (flawless) /Black=0.31.  Mistake:       	---       	Black=4      Inaccurate:     	White=2     	Black=1      OK:         	White=19    	Black=11     Best:        	White=3     	Black=3} 1-0

[Event "45th FIDE Olympiad 2024"]
[Site "Budapest"]
[Date "2024.09.19"]
[Round "8.66"]
[White "McCoy, Tom"]
[Black "Abdellahi, Khaled Abdellahi"]
[Result "1-0"]
[WhiteElo "1883"]
[BlackElo "1894"]
[PlyCount "108"]
[EventDate "2024.09.05"]
[EventType "team-tourn"]
[EventCountry "HUN"]
[WhiteTeam "Papua New Guinea"]
[BlackTeam "Mauritania"]
[WhiteTeamCountry "PNG"]
[BlackTeamCountry "MAU"]
[TimeControl "40/5400+30:1800+30"]

1. e4 c5 2. c3 Nf6 3. e5 Nd5 4. Nf3 Nc6 5. Bc4 Nb6 6. Bb3 d5 7. d4 cxd4 8. cxd4 Bg4 9. Be3 e6 10. O-O Be7 11. a3 O-O 12. Nbd2 Na5 13. Ba2 Rc8 14. Rc1 Qd7 15. Qe2 Rxc1 16. Rxc1 Rc8 17. Rxc8+ Qxc8 18. b4 Nac4 19. Qd3 Bf5 20. Qb3 Nxd2 21. Bxd2 Qc2 22. Qxc2 Bxc2 23. Ne1 Ba4 24. Nd3 Bb5 25. Nc5 Bc4 26. Bb1 Bxc5 27. bxc5 Nd7 28. f4 g6 29. Bc2 Bb5 30. g4 Nb8 31. Bc3 Be2 32. h3 Bb5 33. Kf2 Nc6 34. f5 Ne7 35. fxe6 fxe6 36. Kg3 Kg7 37. h4 h6 38. a4 Bc4 39. Kf4 Nc6 40. g5 h5 41. Bd1 Ne7 42. Bc2 Nc6 43. a5 Ne7 44. Ke3 Bb5 45. Kf4 Kf7 46. Ke3 Ke8 47. Kd2 Kd7 48. Kc1 Be2 49. Ba4+ Kd8 50. Kd2 Bc4 51. a6 bxa6 52. Ba5+ Kc8 53. Be8 Bb5 54. c6 Nxc6 1-0